Map: Lightshade LE

Players

ByuN

  • Race: Terran Terran
  • Spawn Location: 11:00

DRG - Winner!

  • Race: Zerg Zerg
  • Spawn Location: 5:00

Event: StayAtHome Story Cup #3

VOD

Have the link to the VOD?

Description

Time

  • Played on: March 12, 2021, 8:21 a.m.
  • Length: 10:04

All games in this series

Show
View Real Time Build Order
Export as new Build Order

ByuN Terran 

Build Orders: Command Center First (CC) 

Get SALT Encoding   

  12  0:00  SCV  
  13  0:12  SCV  
  14  0:17  Supply Depot  
  14  0:24  SCV  
  15  0:39  SCV  
  16  0:51  SCV  
  17  0:58  Command Center  
  17  1:03  SCV  
  18  1:11  Barracks  
  18  1:15  SCV  
  19  1:20  Refinery  
  19  1:27  SCV  
  20  1:34  Barracks  
  20  1:39  SCV  
  21  1:52  SCV  
  21  1:53  Refinery  
  22  2:02  Barracks Reactor  
  22  2:04  Orbital Command  
  22  2:10  Orbital Command  
  22  2:20  Marine  
  23  2:29  Factory  
  24  2:30  SCV  
  24  2:35  SCV  
  25  2:39  Marine x2  
  25  2:43  SCV  
  28  2:46  Supply Depot  
  28  2:50  SCV  
  29  2:51  Barracks Tech Lab  
  29  2:55  SCV  
  30  2:58  Marine  
  30  2:59  Marine  
  30  3:03  SCV  
  33  3:11  Marine, Stimpack  
  34  3:15  SCV, Supply Depot  
  34  3:16  Marine  
  34  3:17  SCV  
  34  3:19  Marine  
  37  3:24  Starport  
  38  3:27  SCV  
  38  3:30  SCV  
  38  3:31  Factory Reactor, Marine  
  41  3:35  Marine  
  41  3:37  Marine  
  41  3:39  SCV  
  44  3:42  SCV, Supply Depot  
  45  3:51  SCV  
  45  3:52  Marine  
  45  3:54  SCV, Supply Depot  
  48  3:55  Marine  
  48  3:57  Marine  
  50  4:03  SCV  
  50  4:06  SCV  
  52  4:10  Marine, Medivac x2  
  52  4:13  Marine  
  52  4:14  Marine  
  59  4:17  Supply Depot  
  59  4:18  SCV x2  
  59  4:22  Widow Mine  
  63  4:27  Marine, Supply Depot  
  64  4:31  Marine  
  64  4:32  Marine  
  64  4:33  SCV  
  64  4:34  SCV  
  68  4:38  Command Center  
  68  4:45  Marine  
  68  4:46  Medivac  
  68  4:49  Marine  
  68  4:50  Marine  
  68  4:52  SCV x2  
  75  4:54  Supply Depot  
  75  5:03  Marine  
  71  5:07  Marine  
  71  5:08  Marine  
  71  5:11  Refinery x2, SCV, Engineering Bay  
  71  5:12  Engineering Bay  
  71  5:13  SCV  
  75  5:16  Combat Shield  
  75  5:21  Marine  
  75  5:25  Starport Reactor  
  75  5:27  Barracks, Factory Reactor  
  75  5:28  Marine x2  
  78  5:33  SCV x2  
  80  5:39  Marine  
  74  5:45  SCV x2  
  74  5:48  Marine x2  
  74  5:49  Barracks  
  74  5:54  Orbital Command, Barracks  
  74  5:56  Terran Infantry Weapons Level 1  
  74  5:57  Marine  
  74  5:58  Terran Infantry Armor Level 1  
  74  6:00  SCV  
  74  6:01  SCV  
  77  6:07  Widow Mine x2  
  81  6:12  SCV  
  81  6:13  SCV  
  81  6:15  Marine x3  
  81  6:16  Marine x2  
  88  6:23  Orbital Command  
  88  6:33  Widow Mine x2, Marine x3  
  88  6:34  Marine x2  
  88  6:35  SCV x2  
  88  6:38  Barracks Reactor  
  99  6:46  Supply Depot  
  99  6:47  SCV x2  
  99  6:50  SCV  
  102  6:55  Widow Mine x2, Medivac  
  102  7:00  SCV, Supply Depot  
  109  7:01  Supply Depot  
  109  7:02  Supply Depot  
  109  7:04  Medivac  
  109  7:05  SCV x2  
  112  7:13  SCV  
  112  7:14  Marine x2  
  112  7:15  Marine x4  
  114  7:16  Marine  
  114  7:17  Barracks Reactor, SCV x2  
  114  7:20  Widow Mine  
  114  7:21  Widow Mine  
  122  7:25  SCV, Supply Depot  
  123  7:32  Marine  
  122  7:41  SCV x2  
  122  7:42  Marine  
  122  7:43  Marine x5  
  120  7:46  SCV  
  120  7:50  Marine  
  122  7:53  SCV x2  
  122  7:58  SCV, Armory  
  124  7:59  Marine x2  
  124  8:00  Marine  
  124  8:01  Marine  
  124  8:02  Marauder  
  124  8:05  SCV x2  
  133  8:07  Marine  
  131  8:20  Marine x5  
  131  8:22  Marine x2  
  131  8:23  Marauder  
  131  8:25  SCV x3  
  141  8:28  Factory  
  141  8:29  Command Center  
  141  8:31  Supply Depot  
  141  8:32  Medivac, Supply Depot  
  141  8:33  Medivac, Supply Depot  
  145  8:37  Refinery, SCV x3  
  138  8:45  Sensor Tower  
  138  8:46  Marine x4  
  138  8:47  Marine x2  
  144  8:48  Marine x2  
  144  8:59  Marine  
  145  9:04  Marine x6  
  145  9:07  Factory  
  155  9:18  Factory Tech Lab  
  155  9:21  SCV x3  
  154  9:25  Refinery  
  154  9:28  Barracks x2  
  154  9:29  Barracks  
  154  9:31  Factory Tech Lab  
  154  9:41  Marine x8  
  154  9:42  Marauder  
Show
View Real Time Build Order
Export as new Build Order

DRG Zerg - Winner!

Build Orders: Hatch First 

Get SALT Encoding   

  12  0:00  Drone  
  13  0:12  Overlord  
  13  0:16  Drone  
  14  0:30  Drone x2  
  16  0:47  Hatchery  
  15  0:51  Drone  
  15  0:54  Drone  
  17  0:57  Drone  
  18  1:13  Spawning Pool  
  18  1:16  Drone  
  18  1:19  Drone  
  19  1:27  Drone  
  20  1:38  Drone  
  21  1:42  Extractor  
  20  1:48  Drone  
  21  2:00  Queen x2  
  21  2:01  Zergling x4  
  27  2:10  Overlord  
  27  2:11  Drone  
  28  2:20  Hatchery  
  27  2:23  Drone  
  27  2:29  Drone  
  29  2:31  Drone  
  29  2:33  Drone  
  31  2:40  Queen  
  33  2:45  Metabolic Boost  
  33  2:51  Overlord  
  33  2:53  Drone  
  33  2:56  Drone  
  35  2:59  Drone  
  35  3:05  Overlord  
  36  3:12  Drone x4  
  40  3:17  Queen  
  42  3:20  Drone  
  42  3:22  Drone  
  44  3:27  Queen  
  44  3:32  Overlord  
  46  3:37  Queen  
  49  3:41  Drone x2  
  49  3:43  Overlord  
  50  3:48  Overlord  
  50  3:52  Drone x2  
  50  3:53  Drone x2  
  55  3:55  Drone  
  55  3:56  Drone  
  56  4:03  Queen  
  56  4:05  Drone  
  56  4:06  Drone  
  56  4:08  Drone x2  
  62  4:12  Drone x3  
  62  4:16  Queen  
  67  4:20  Drone x2  
  67  4:22  Overlord  
  69  4:26  Extractor, Evolution Chamber  
  69  4:30  Zergling x8  
  71  4:37  Zergling x6  
  74  4:38  Overlord  
  75  4:45  Zergling x14  
  75  4:49  Zergling x2  
  75  4:52  Zerg Ground Armor Level 1  
  82  4:56  Queen  
  84  5:05  Zergling x6  
  82  5:08  Drone x4  
  82  5:11  Baneling Nest  
  82  5:12  Lair  
  82  5:13  Drone  
  82  5:14  Drone x2  
  88  5:16  Drone  
  88  5:18  Overlord  
  88  5:20  Overlord  
  89  5:26  Spine Crawler  
  89  5:28  Zergling x2  
  89  5:32  Overlord  
  89  5:33  Extractor  
  88  5:36  Queen  
  88  5:38  Zergling x2  
  88  5:39  Zergling x10  
  95  5:44  Drone x3  
  89  5:52  Drone x4  
  89  5:53  Spore Crawler  
  89  5:54  Drone x4  
  89  5:56  Hatchery, Baneling x5  
  96  6:00  Drone  
  96  6:02  Drone  
  96  6:03  Evolution Chamber  
  96  6:05  Zergling x6  
  96  6:08  Extractor  
  96  6:10  Zergling x4  
  100  6:13  Centrifical Hooks  
  100  6:17  Zergling x2  
  101  6:21  Zergling x8, Spore Crawler  
  101  6:25  Zergling x8  
  107  6:31  Zerg Melee Weapons Level 1  
  107  6:35  Drone x5  
  112  6:45  Drone  
  112  6:46  Overlord  
  113  6:47  Baneling x3  
  113  6:48  Baneling x4, Pneumatized Carapace  
  113  6:50  Overlord x2  
  113  6:54  Overlord  
  113  7:01  Overlord  
  113  7:05  Extractor  
  110  7:13  Drone x9, Queen  
  116  7:16  Zerg Ground Armor Level 2  
  116  7:17  Baneling x4  
  116  7:18  Baneling  
  116  7:20  Drone x4  
  116  7:21  Zergling x6  
  123  7:27  Extractor, Zergling x10  
  126  7:33  Zergling x4, Overseer  
  126  7:36  Zergling x2  
  128  7:41  Zergling x6  
  128  7:42  Baneling x7  
  128  7:49  Zergling x14  
  135  7:51  Overlord  
  135  7:52  Baneling x6  
  135  7:55  Overlord x2  
  135  7:59  Zergling x12, Spore Crawler  
  135  8:03  Zergling x4, Overseer  
  142  8:06  Hatchery  
  142  8:11  Zergling x10  
  140  8:14  Zergling x2  
  140  8:15  Zergling x2  
  140  8:24  Zergling x18  
  148  8:31  Drone x2, Overlord x2  
  148  8:33  Extractor  
  149  8:35  Extractor, Hydralisk Den  
  149  8:36  Hatchery, Zergling x4, Infestation Pit  
  149  8:37  Baneling x9  
  147  8:43  Zergling x8  
  147  8:46  Zergling x8  
  155  8:50  Zergling x4  
  156  9:00  Zergling x12  
  156  9:02  Drone x3  
  165  9:09  Zergling x12  
  171  9:11  Lurker Den  
  171  9:16  Drone x4  
  174  9:19  Baneling x5  
  174  9:20  Baneling x2, Overseer x2  
  174  9:25  Drone x6  
  174  9:26  Drone  
  174  9:28  Overlord  
  181  9:32  Overlord  
  181  9:33  Zergling x4  
  181  9:38  Baneling x6  
  183  9:39  Zergling x2  
  183  9:40  Zergling x4  
  183  9:42  Zergling x8  
  192  9:45  Zergling x4  
Tags
 
Add a new tag
Caveats
  • Supply blocks, unpowered buildings, or Contaminate may cause inaccurate times.
  • Supply counts are checked every 10 seconds.